 Dungeon Crawl Stone Soup version 0.26.1-2-gb8aa6d0cf2 (webtiles) character file.

Game seed: 5806019310306639462

744 Groucho the Covert (level 7, -2/32 HPs)
             Began as a Spriggan Enchanter on Feb 16, 2021.
             Slain by an orc priest
             ... wielding a +0 club
              (3 damage)
             ... on level 4 of the Dungeon.
             The game lasted 00:10:16 (5999 turns).

Groucho the Covert (Spriggan Enchanter)             Turns: 5999, Time: 00:10:16

Health: -2/32      AC:  3    Str:  6    XL:     7   Next: 47%
Magic:  12/16      EV: 18    Int: 17    God:
Gold:   139        SH:  0    Dex: 16    Spells: 8/17 levels left

rFire    . . .     SeeInvis +   r - +3 dagger
rCold    . . .     Faith    .   (shield restricted)
rNeg     . . .     Spirit   .   b - +1 robe
rPois    .         Reflect  .   (helmet restricted)
rElec    .         Harm     .   (no cloak)
rCorr    .         Rampage  .   (gloves unavailable)
Will     +....                  (boots unavailable)
Stlth    ++++......             (no amulet)
HPRegen  0.10/turn              (no ring)
MPRegen  0.15/turn              (no ring)

@: confusing touch, very quick
A: very small, unfitting armour, see invisible, speed 3
a: no special abilities


You were on level 4 of the Dungeon.
You visited 1 branch of the dungeon, and saw 4 of its levels.

You collected 139 gold pieces.

Inventory:

Hand Weapons
 d - a +1 short sword of freezing
 r - a +3 dagger (weapon)
Missiles
 l - 80 stones (quivered)
Armour
 b - a +1 robe (worn)
Scrolls
 a - a scroll of enchant weapon {unknown}
 c - a scroll of identify
 g - a scroll of amnesia
 h - a scroll of noise {unknown}
 j - a scroll of magic mapping {unknown}
 k - a scroll of remove curse {unknown}
 m - a scroll of teleportation
 o - a scroll of enchant armour
Potions
 e - a potion of heal wounds {unknown}
 f - 3 potions of lignification {unknown}
 i - a potion of curing {unknown}
 n - a potion of mutation {unknown}
 p - a potion of invisibility {unknown}
 q - a potion of attraction {unknown}
 s - a potion of might {unknown}
 t - a potion of flight {unknown}


   Skills:
 - Level 1.1 Short Blades
 - Level 3.0 Dodging
 * Level 10.1 Stealth
 + Level 5.6 Spellcasting
 + Level 6.1 Hexes


You had 8 spell levels left.
You knew the following spells:

 Your Spells              Type           Power        Failure   Level
a - Corona                Hex            27%          1%          1
b - Ensorcelled Hibernat  Hex/Ice        30%          6%          2
c - Confusing Touch       Hex            25%          3%          3
d - Tukima's Dance        Hex            25%          3%          3

Your spell library contained the following spells:

 Spells                   Type           Power        Failure   Level
 Dazzling Flash           Conj/Hex       30%          12%         3


Dungeon Overview and Level Annotations

Branches:
Dungeon (4/15)
 Temple: D:4-7

Altars:
Elyvilon


Innate Abilities, Weirdness & Mutations

You are very small and have problems with some larger weapons.
You are too small for most types of armour.
You have supernaturally acute eyesight. (SInv)
You cover ground extremely quickly.


Message History

You spit the orc like a pig!!!
You kill the orc!
Casting: Ensorcelled Hibernation (safe; 6% risk of failure)
Confirm with . or Enter, or press ? or * to list all spells.
Your hands begin to glow red.
The orc priest barely misses you.
You hit the orc priest but do no damage.
Unknown command.
You hit the orc priest but do no damage.
The orc priest invokes the aid of Beogh against you.
Pain shoots through your body!
You hit the orc priest but do no damage.
The orc priest invokes the aid of Beogh against you.
Beogh smites you!
* * * LOW HITPOINT WARNING * * *
The orc priest hits you but does no damage.
Unknown command.
You barely miss the orc priest. The orc priest hits you with a +0 mace.
* * * LOW HITPOINT WARNING * * *
The orc priest hits you with a +0 club.
You die...

#≈ #.).#..#
.#≈≈#...#..#
#≈≈≈≈###...#
≈≈≈≈≈≈.....#
≈≈≈≈≈≈.....#
#≈≈≈≈###..)#
#≈≈#...#..# ⌠
#≈≈#.⌠.#oo#
..#≈≈#...#@.#
#≈..≈###...#
...........#
#..##..##..#
###.###.....##
.........####
######.##
##...##
#.....########


You could see 2 orc priests.

Vanquished Creatures
  Grinder (D:3)
  Sigmund (D:3)
  An ogre (D:4)
  A scorpion (D:3)
  An orc wizard (D:3)
  Terence (D:3)
  3 worker ants (D:4)
  3 gnolls
  4 adders
  An ooze (D:3)
  A dart slug (D:2)
  2 worms
  2 leopard geckos
  7 orcs
  5 giant cockroaches
  5 goblins
  5 hobgoblins
  2 jackals (D:2)
  3 quokkas
  10 bats
  3 frilled lizards
  4 kobolds (D:3)
  8 rats
74 creatures vanquished.

Vanquished Creatures (others)
  A quokka (D:3)
  A plant (D:4)
2 creatures vanquished.

Grand Total: 76 creatures vanquished

Notes
Turn   | Place    | Note
-------+----------+-------------------------------------------
     0 | D:1      | Groucho the Spriggan Enchanter began the quest for the Orb.
     0 | D:1      | Reached XP level 1. HP: 9/9 MP: 5/5
   396 | D:1      | Reached skill level 5 in Stealth
   396 | D:1      | Reached XP level 2. HP: 8/13 MP: 6/6
   399 | D:1      | Learned a level 2 spell: Ensorcelled Hibernation
  1255 | D:1      | Reached XP level 3. HP: 10/16 MP: 0/8
  2466 | D:2      | Reached skill level 6 in Stealth
  2836 | D:3      | Reached XP level 4. HP: 21/21 MP: 10/10
  2840 | D:3      | Learned a level 3 spell: Confusing Touch
  2844 | D:3      | Learned a level 3 spell: Tukima's Dance
  2890 | D:3      | Noticed Terence
  3390 | D:3      | Killed Terence
  3453 | D:3      | Found a white marble altar of Elyvilon.
  3462 | D:3      | Noticed Sigmund
  3605 | D:3      | Reached skill level 7 in Stealth
  3674 | D:3      | Killed Sigmund
  3675 | D:3      | Reached skill level 8 in Stealth
  3675 | D:3      | Reached skill level 5 in Hexes
  3675 | D:3      | Reached XP level 5. HP: 24/24 MP: 1/12
  3675 | D:3      | Reached XP level 6. HP: 28/28 MP: 1/13
  3862 | D:3      | Noticed Grinder
  3902 | D:3      | Killed Grinder
  3903 | D:3      | Reached skill level 9 in Stealth
  3903 | D:3      | Reached skill level 5 in Spellcasting
  4883 | D:3      | Reached XP level 7. HP: 32/32 MP: 15/15
  5315 | D:4      | Reached skill level 10 in Stealth
  5999 | D:4      | HP: 1/32 [orc priest/+0 mace (6)]
  5999 | D:4      | Slain by an orc priest

Illustrated notes

Levels and vault maps discovered:
D:1:      nicolae_arrival_washed_ashore, layout_rooms
D:2:      layout_basic, columned_hall_lemuel, minmay_pentomino_p2
D:3:      layout_basic, elyvilon_altar_4, uniq_sigmund, uniq_grinder,
          uniq_terence
D:4:      minmay_wonky_spiral, layout_loops_ring, minitemple,
          minmay_temple_entry_glassed_door, kennysheep_diamond,
          nrook_loot_triangle, hangedman_feature_mirror, fountainhead,
          guppyfry_early_lair_pool, uniq_pikel

Skill      XL: |  1  2  3  4  5  6  7 |
---------------+----------------------+-----
Stealth        | 5 6 8 9 10 | 10.1
Spellcasting   | 3 4 5 |  5.6
Hexes          | 4 5 6 |  6.1
Short Blades   | |  1.1
Dodging        | |  3.0

Action                   |  1- 3 |  4- 6 |  7- 9 || total
-------------------------+-------+-------+-------++-------
Melee: Dagger            |   122 |    61 |    19 ||   202
Throw: Stone             |    11 |     9 |       ||    20
 Cast: Ensorcelled Hiber |    19 |    20 |    13 ||    52
       Corona            |     1 |       |       ||     1
       Confusing Touch   |       |     5 |     1 ||     6
  Use: Scroll            |     2 |       |     2 ||     4
 Stab: Sleeping          |    15 |    17 |    14 ||    46
       Distracted        |     1 |       |       ||     1
       Confused          |       |     3 |       ||     3
Armor: Robe              |    14 |     3 |     1 ||    18
Dodge: Dodged            |   112 |    32 |     6 ||   150
